 Dungeon Crawl Stone Soup version 0.21.1-1-g345015f (webtiles) character file.

204 grindst0ne the Skirmisher (level 5, -6/57 HPs)
             Began as an Ogre Arcane Marksman on Feb 24, 2018.
             Was a Follower of Makhleb.
             Killed by divine providence
             ... invoked by an orc priest
              (13 damage)
             ... on level 4 of the Dungeon.
             The game lasted 00:05:43 (3474 turns).

grindst0ne the Skirmisher (Ogre Arcane Marksman)    Turns: 3474, Time: 00:05:44

Health: -6/57      AC:  4    Str: 14    XL:     5   Next: 82%
Magic:  6/6        EV:  9    Int: 14    God:    Makhleb [*.....]
Gold:   171        SH:  0    Dex: 10    Spells: 5/6 levels left

rFire    . . .     SeeInvis .   h - +0 spear
rCold    . . .     Gourm    .   (no shield)
rNeg     . . .     Faith    .   a - +1 robe
rPois    .         Spirit   .   (helmet restricted)
rElec    .         Reflect  .   (no cloak)
rCorr    .         Harm     .   (gloves unavailable)
MR       +....                  (boots unavailable)
Stlth    +.........             (no amulet)
HPRegen  0.19/turn              l - ring of protection from magic
MPRegen  0.10/turn              (no ring)

@: heavily drained
A: large, unfitting armour, tough skin 1
a: Renounce Religion


You were on level 4 of the Dungeon.
You worshipped Makhleb.
Makhleb was aware of your devotion.
You were not hungry.

You visited 1 branch of the dungeon, and saw 4 of its levels.

You collected 171 gold pieces.

Inventory:

Hand Weapons
 h - a +0 spear (weapon)
Missiles
 c - 4 large rocks (quivered)
 j - 68 stones
Armour
 a - a +1 robe (worn)
Jewellery
 l - a ring of protection from magic (left hand)
 m - a cursed ring of teleportation {unknown}
Scrolls
 g - 3 scrolls of magic mapping {unknown}
 i - 2 scrolls of amnesia {unknown}
 n - 2 scrolls of identify
 r - 3 scrolls of enchant armour
 s - a scroll of fear {unknown}
Potions
 e - 2 potions of mutation
 k - a potion of flight {unknown}
 p - 2 potions of cancellation {unknown}
Books
 b - a book of Debilitation

   Spells                             Type                      Level
   a - Corona                         Hexes                        1
   b - Slow                           Hexes                        2
   c - Inner Flame                    Hexes/Fire                   3
   d - Portal Projectile              Hexes/Translocation          3
   e - Cause Fear                     Hexes                        4
   f - Leda's Liquefaction            Hexes/Earth                  4
 o - a book of Maledictions

   Spells                             Type                      Level
   a - Corona                         Hexes                        1
   b - Ensorcelled Hibernation        Hexes/Ice                    2
   c - Confuse                        Hexes                        3
   d - Tukima's Dance                 Hexes                        3
   e - Dazzling Spray                 Conjuration/Hexes            3
Comestibles
 d - 4 chunks of flesh
 f - 7 rations


   Skills:
 + Level 5.2(3.5) Fighting
 + Level 4.3(2.6) Throwing
 - Level 1.7(0.2) Dodging
 - Level 1.2(0.0) Spellcasting
 - Level 2.6(1.1) Hexes


You had 5 spell levels left.
You knew the following spells:

 Your Spells              Type           Power        Failure   Level  Hunger
a - Corona                Hex            #......      19%         1    ##.....


Dungeon Overview and Level Annotations

Branches:
Dungeon (4/15)
 Temple: D:4-7

Altars:
Makhleb


Innate Abilities, Weirdness & Mutations

You are too large for most types of armour.
You have tough skin. (AC +1)


Message History

Throwing (i - inventory. (,) - cycle):
c - 5 large rocks (quivered)
Press: ? - help, Shift-Dir - straight line, f/p - orc
Aim: an orc, wielding a vampiric hand axe and wearing a ring mail (lightly wounded)
You throw a large rock.
The large rock completely misses the orc.
The large rock hits the orc priest!
You kill the orc priest!
Makhleb accepts your kill. The orc completely misses you.
The orc priest mumbles some strange prayers to Beogh against you.
Beogh smites you!
* * * LOW HITPOINT WARNING * * *
You barely miss the orc.
The orc is lightly wounded.
The orc hits you with a vampiric hand axe.
* * * LOW HITPOINT WARNING * * *
The orc draws strength from your wounds!
The orc priest calls down the wrath of Beogh upon you.
Beogh smites you!
You die...

###...#
###########......#
#..............#..
#.................
#.........<..#
#...%..oo..###
######o#### #o#
#@# #.....#
#.....# #.....#
#.....# #......
#.....# #.....#


You could see an orc priest and 3 orcs.

Vanquished Creatures
  An orc priest (D:4)
  An orc wizard (D:3)
  4 gnolls (D:3)
  An adder (D:2)
  3 worms
  4 dart slugs
  2 leopard geckos (D:3)
  6 orcs (D:3)
  9 bats
  3 giant cockroaches
  9 goblins
  6 hobgoblins
  7 jackals (D:2)
  5 frilled lizards
  10 kobolds
  11 rats
82 creatures vanquished.

Notes
Turn   | Place    | Note
-------+----------+-------------------------------------------
     0 | D:1      | grindst0ne the Ogre Arcane Marksman began the quest for the Orb.
     0 | D:1      | Reached XP level 1. HP: 19/19 MP: 2/2
     0 | D:1      | Noticed a merfolk zombie
    12 | D:1      | Noticed a minotaur zombie
    16 | D:1      | Noticed a merfolk zombie
   317 | D:1      | Reached skill level 2 in Fighting
   374 | D:1      | Reached XP level 2. HP: 24/28 MP: 3/3
  1149 | D:2      | Reached XP level 3. HP: 35/36 MP: 4/4
  1188 | D:2      | Reached skill level 3 in Fighting
  1884 | D:2      | Reached XP level 4. HP: 34/46 MP: 5/5
  2057 | D:2      | Found a burning altar of Makhleb.
  2188 | D:2      | Became a worshipper of Makhleb the Destroyer
  2755 | D:3      | Reached skill level 4 in Fighting
  2865 | D:3      | Reached * piety under Makhleb
  2868 | D:3      | Reached XP level 5. HP: 29/55 MP: 6/6
  3353 | D:3      | Reached skill level 5 in Fighting
  3474 | D:4      | Killed from afar by an orc priest

Skill      XL: |  1  2  3  4  5 |
---------------+----------------+-----
Fighting       | 2 3 4 5 |  5.2
Throwing       | 3 4 |  4.3
Dodging        | |  1.7
Spellcasting   | |  1.2
Hexes          | |  2.6

Action                   |  1- 3 |  4- 6 || total
-------------------------+-------+-------++-------
Melee: Unarmed           |    18 |       ||    18
       Spear             |     8 |   170 ||   178
       Hand axe          |    91 |     7 ||    98
Throw: Large rock        |    44 |    10 ||    54
       Throwing net      |       |     2 ||     2
  Use: Scroll            |     2 |     1 ||     3
 Stab: Held in net/web   |       |     2 ||     2
       Sleeping          |       |     1 ||     1
  Eat: Chunk             |     3 |     6 ||     9
Armor: Robe              |    72 |    49 ||   121
Dodge: Dodged            |   138 |    74 ||   212
